 Dungeon Crawl Stone Soup version 0.24-a0-784-g601f8f6d22 (webtiles) character file.

Game seed: 16183341711538952196, levelgen mode: deterministic

397 Kohma the Shield-Bearer (level 7, -4/55 HPs)
             Began as a Formicid Fighter on Oct 9, 2019.
             Killed by divine providence
             ... invoked by an orc priest
              (12 damage)
             ... on level 4 of the Dungeon.
             The game lasted 00:07:08 (3318 turns).

Kohma the Shield-Bearer (Formicid Fighter)          Turns: 3318, Time: 00:07:09

Health: -4/55      AC: 12    Str: 23    XL:     7   Next: 10%
Magic:  7/7        EV:  5    Int:  7    God:
Gold:   175        SH: 10    Dex: 10    Spells: 6/6 levels left

rFire    + . .     SeeInvis +   a - +0 war axe
rCold    + . .     Gourm    .   c - +0 shield
rNeg     . . .     Faith    .   y - +0 plate armour
rPois    .         Spirit   .   (helmet unavailable)
rElec    .         Reflect  .   u - scarf {rC+ rF+}
rCorr    .         Harm     .   (no gloves)
MR       .....                  i - +0 pair of boots
Stlth    ..........             (no amulet)
HPRegen  0.18/turn              (no ring)
MPRegen  0.10/turn              (no ring)

@: lethally poisoned (-4 -> -15)
A: permanent stasis, dig shafts and tunnels, four strong arms, antennae 3
a: Dig, Shaft Self


You were on level 4 of the Dungeon.
You were hungry.

You visited 1 branch of the dungeon, and saw 4 of its levels.

You collected 175 gold pieces.

Inventory:

Hand Weapons
 a - a +0 war axe (weapon)
Missiles
 q - 9 poisoned darts (quivered)
Armour
 c - a +0 shield (worn)
 i - a +0 pair of boots (worn)
 u - a scarf of resistance (worn)
 y - a +0 plate armour (worn)
Wands
 w - a wand of disintegration (14)
Scrolls
 e - a scroll of enchant weapon {unknown}
 g - 3 scrolls of teleportation {unknown}
 j - 5 scrolls of identify {unknown}
 l - a scroll of magic mapping {unknown}
 m - 2 scrolls of remove curse {unknown}
 p - a scroll of immolation {unknown}
 r - 3 scrolls of amnesia {unknown}
 s - a scroll of fear {unknown}
 t - a scroll of fog {unknown}
 v - a scroll of enchant armour {unknown}
 x - a scroll of blinking {unknown}
Potions
 b - a potion of mutation {unknown}
 d - 4 potions of might
 k - 2 potions of flight {unknown}
 n - a potion of lignification {unknown}
 o - 2 potions of heal wounds
 z - a potion of degeneration {unknown}
 B - a potion of cancellation {unknown}
 C - 2 potions of magic {unknown}
Comestibles
 f - 9 rations
 A - 15 chunks of flesh


   Skills:
 + Level 4.9 Fighting
 * Level 5.1 Axes
 - Level 3.2 Armour
 + Level 5.4 Shields


You had 6 spell levels left.
You didn't know any spells.
Your spell library contained the following spells:

 Spells                   Type           Power        Failure   Level  Hunger
 Animate Skeleton         Necr           N/A          100%        1    ##.....
 Apportation              Tloc           #.....       100%        1    ##.....
 Confusing Touch          Hex            #.....       100%        1    ##.....
 Summon Small Mammal      Summ           #...         100%        1    ##.....


Dungeon Overview and Level Annotations

Branches:
Dungeon (4/15)
 Temple: D:4-7

Altars:
Sif Muna

Shops:
D:4 *


Innate Abilities, Weirdness & Mutations

You cannot be hasted, slowed, berserked, paralysed or teleported.
You can dig through walls and to a lower floor.
Your four strong arms can wield two-handed weapons with a shield.
You have a pair of large antennae on your head. (SInv)


Message History

Beogh smites you!
* * * LOW HITPOINT WARNING * * *
You block the orc wizard's attack.
You closely miss the orc priest.
The orc priest is severely wounded.
You closely miss the orc wizard.
You feel sick. The orc priest barely misses you.
The orc wizard hits you with a +2 dagger of venom.
* * * LOW HITPOINT WARNING * * *
You are lethally poisoned!
You completely miss the orc priest.
The orc priest is severely wounded.
You closely miss the orc wizard.
* * * LOW HITPOINT WARNING * * *
You feel sick.
The orc priest mumbles some strange prayers to Beogh against you.
You struggle to resist.
You block the orc wizard's attack.
The orc priest invokes the aid of Beogh against you.
Beogh smites you!
You die...

## #... .. #. #..
.# #.. #.. .#
#..# #.# .# #
#..# #.###.#.###.
#..###.∩.........
#........@o.$....
#.......#o)......
#....#.##..#.####
###.#.##.##..# #
#.....##.##...
#.#.####.##.##.
#.#÷####..... .#
#.#.........# #
#.# #.##########
#.#


You could see an orc priest and an orc wizard.

Vanquished Creatures
  A phantom (D:4)
  An orc wizard (D:3)
  Jessica (D:3)
  Natasha (thrice) (D:3)
  Robin (D:3)
  4 adders
  3 gnolls (D:4)
  An ooze (D:3)
  6 leopard geckos
  9 orcs
  2 ball pythons
  7 bats
  3 giant cockroaches
  17 goblins
  8 hobgoblins
  4 jackals
  2 quokkas
  3 frilled lizards
  5 kobolds
  3 rats
84 creatures vanquished.

Notes
Turn   | Place    | Note
-------+----------+-------------------------------------------
     0 | D:1      | Kohma the Formicid Fighter began the quest for the Orb.
     0 | D:1      | Reached XP level 1. HP: 18/18 MP: 1/1
   220 | D:1      | Reached XP level 2. HP: 24/24 MP: 2/2
   625 | D:1      | Reached XP level 3. HP: 29/29 MP: 3/3
  1068 | D:2      | Reached XP level 4. HP: 30/37 MP: 4/4
  1789 | D:3      | Noticed Natasha
  1790 | D:3      | Found a shimmering blue altar of Sif Muna.
  1821 | D:3      | Killed Natasha
  1821 | D:3      | Reached XP level 5. HP: 21/42 MP: 5/5
  2012 | D:3      | Noticed Natasha
  2014 | D:3      | Killed Natasha
  2021 | D:3      | Noticed Natasha
  2026 | D:3      | Killed Natasha
  2047 | D:3      | Noticed Jessica
  2055 | D:3      | Killed Jessica
  2190 | D:3      | Reached XP level 6. HP: 30/49 MP: 6/6
  2325 | D:3      | Noticed Robin
  2364 | D:3      | Reached skill level 5 in Shields
  2369 | D:3      | Killed Robin
  3279 | D:4      | Found Famost's General Store.
  3282 | D:4      | Noticed a phantom
  3298 | D:4      | Killed a phantom
  3298 | D:4      | Reached skill level 5 in Axes
  3298 | D:4      | Reached XP level 7. HP: 52/55 MP: 7/7
  3318 | D:4      | Killed from afar by an orc priest

Levels and vault maps discovered:
D:1:      minmay_arrival_semitransparent, layout_basic, minmay_octomino_j4
D:2:      layout_rooms, first_ration
D:3:      minmay_razor_zed, layout_rooms, nicolae_overflow_crystal_walls,
          uniq_jessica, uniq_natasha, uniq_robin
D:4:      layout_loops_ring, serial_shops, shop, uniq_sigmund, uniq_ijyb

Skill      XL: |  1  2  3  4  5  6 |
---------------+-------------------+-----
Shields        | 4 5 |  5.4
Axes           | 3 4 5 |  5.1
Fighting       | 4 |  4.9
Armour         | |  3.2

Action                   |  1- 3 |  4- 6 |  7- 9 || total
-------------------------+-------+-------+-------++-------
Melee: War axe           |   120 |   221 |     6 ||   347
Evoke: Wand              |       |     3 |       ||     3
  Use: Potion            |     1 |       |       ||     1
  Eat: Chunk             |     1 |     7 |       ||     8
Armor: Chain mail        |   101 |   108 |       ||   209
       Plate armour      |       |    16 |     4 ||    20
Dodge: Dodged            |    42 |    60 |     3 ||   105
Block: Shield            |    90 |   118 |     6 ||   214

Table legend:
 A = Non-vault XP
 B = Vault XP
 C = Vault XP percentage of total XP
 D = Non-vault monster count
 E = Vault monster count
 F = Vault count percentage of total count
                 A         B        C        D         E       F
            +---------+---------+-------+---------+---------+-------
      Total |     445 |     123 |  21.7 |      64 |      20 |  23.8
            +---------+---------+-------+---------+---------+-------
        D:1 |      29 |       5 |  14.7 |      15 |       3 |  16.7
        D:2 |      63 |       0 |   0.0 |      22 |       0 |   0.0
        D:3 |     182 |     118 |  39.3 |      21 |      17 |  44.7
        D:4 |     171 |       0 |   0.0 |       6 |       0 |   0.0
            +---------+---------+-------+---------+---------+-------
